 Dungeon Crawl Stone Soup version 0.30-a0-339-g89bb51ec76 (webtiles) character file.

Game seed: 10700955475021996932

39 lunkers the Digger (level 3, -9/26 HPs)
             Began as a Meteoran Earth Elementalist on Oct 31, 2022.
             Mangled by a gnoll
             ... wielding a +0 halberd
              (13 damage)
             ... on level 2 of the Dungeon.
             The game lasted 00:02:05 (340 turns).

lunkers the Digger (Meteoran Earth Elementalist)     Turns: 340, Time: 00:02:05

Health: -9/26      AC:  2    Str:  9    XL:     3   Next: 94%
Magic:  7/8        EV: 12    Int: 19    God:
Gold:   57         SH:  0    Dex: 14    Spells: 5/8 levels left

rFire   . . .      SeeInvis .    (no weapon)
rCold   . . .      Faith    .    (no shield)
rNeg    . . .      Spirit   .    a - +0 robe
rPois   .          Reflect  .    (no helmet)
rElec   .          Harm     .    (no cloak)
rCorr   .          Rampage  .    (no gloves)
Will    .....                    (no boots)
Stlth   +.........               (no amulet)
HPRegen 0.24/turn                (no ring)
MPRegen 0.11/turn                (no ring)

@: glowing
A: sense surroundings 1, otherworldly, glowing, explore regen
a: no special abilities


You were on level 2 of the Dungeon.
You visited 1 branch of the dungeon, and saw 2 of its levels.

You collected 57 gold pieces.

Inventory:

Armour
 a - a +0 robe (worn)
Magical Staves
 f - a staff of fire
Scrolls
 d - a scroll of blinking {unknown}
 e - a scroll of identify {unknown}
Potions
 c - a potion of curing {unknown}


   Skills:
 - Level 2.4 Dodging
 - Level 1.4 Stealth
 + Level 3.4 Spellcasting
 - Level 1.2 Transmutations
 * Level 4.8 Earth Magic


You had 5 spell levels left.
You knew the following spells:

 Your Spells              Type           Power      Damage    Failure   Level
a - Sandblast             Erth           42%        2d11      1%          1
b - Passwall              Tmut/Erth      11%        N/A       6%          2

Your spell library contained the following spells:

 Spells                   Type           Power      Damage    Failure   Level
 Beastly Appendage        Tmut           14%        N/A       9%          1
 Wereblood                Tmut           7%         N/A       13%         2
 Stone Arrow              Conj/Erth      24%        3d8       16%         3
 Spider Form              Tmut/Pois      5%         N/A       34%         3
 Petrify                  Tmut/Erth      14%        N/A       38%         4


Dungeon Overview and Level Annotations

Branches:
Dungeon (2/15) Zot: 844

Altars:

Shops:
D:1 *((


Innate Abilities, Weirdness & Mutations

You passively map a small area around you.
You are easily found by Zot.
You glow in the dark.
You regain HP and MP as you explore.


Message History

The blast of sand hits the goblin!
You kill the goblin!
Casting: Sandblast (safe; 2% risk of failure)
Confirm with . or Enter, or press ? or * to list all spells.
The blast of sand hits the gnoll.
The gnoll is moderately wounded.
The gnoll hits you with a +0 whip.
Your magical contamination has completely faded away.
Casting: Sandblast (safe; 2% risk of failure)
Confirm with . or Enter, or press ? or * to list all spells.
The blast of sand hits the gnoll!
You kill the gnoll!
The gnoll barely misses you.
Aiming: Sandblast (safe; 1% risk of failure)
Press: ? - help, Q - select action, (/) - cycle Shift-Dir - straight line, f - gnoll
Aim: a gnoll, wielding a +0 halberd (85% to hit)
The blast of sand hits the gnoll but does no damage.
* * * LOW MAGIC WARNING * * *
The gnoll hits you from afar with a +0 halberd.
* * * LOW HITPOINT WARNING * * *
The gnoll closely misses you.
Aiming: Sandblast (safe; 1% risk of failure)
Press: ? - help, Q - select action, (/) - cycle Shift-Dir - straight line, f/p - gnoll
Aim: a gnoll, wielding a +0 halberd (85% to hit)
The blast of sand hits the gnoll.
The gnoll is lightly wounded.
* * * LOW MAGIC WARNING * * *
The gnoll hits you from afar with a +0 halberd!
* * * LOW HITPOINT WARNING * * *
You aren't carrying any items that you can evoke.
Okay, then.
Magic courses through your body. The gnoll barely misses you.
Aiming: Sandblast (safe; 1% risk of failure)
Press: ? - help, Q - select action, (/) - cycle Shift-Dir - straight line, f/p - gnoll
Aim: a gnoll, wielding a +0 halberd (lightly wounded, 85% to hit)
The blast of sand hits the gnoll.
The gnoll is heavily wounded.
The gnoll hits you from afar with a +0 halberd!
Ouch! That really hurt!
You die...

#####.#.......#
... ,
......'......##
^.:
......#......#
.. *
......#.#...##
###.
#####.#.#####
#... , *
#b.b#.#<#
###.###* * #.P
#.#.# #P#g#P#
##*####.##
###.#)#b# #..#
#PP.#@#.# *
##.#######.#.#
#.........#.# *
#########.#P#
#PP.#.#.#
###.#.#.#
#.#.#P# *
###.### *
#...,, ,


You could see a gnoll.

Vanquished Creatures
  2 gnolls (D:2)
  A dart slug (D:1)
  2 bats (D:1)
  3 endoplasms (D:1)
  3 goblins
  3 hobgoblins
  2 ball pythons (D:1)
  2 rats (D:1)
18 creatures vanquished.

Notes
Turn   | Place    | Note
-------+----------+-------------------------------------------
     0 | D:1      | lunkers the Meteoran Earth Elementalist began the quest for
                  | the Orb.
     0 | D:1      | Reached XP level 1. HP: 14/14 MP: 5/5
    14 | D:1      | Found Xeyluwn's Antique Weapon Shop.
    20 | D:1      | Reached XP level 2. HP: 20/20 MP: 0/6
    29 | D:1      | Reached skill level 4 in Earth Magic
   112 | D:1      | Found Xeuvomyr's Assorted Antiques.
   123 | D:1      | Learned a level 2 spell: Passwall
   203 | D:1      | Found Fink's Weapon Boutique.
   213 | D:1      | Reached XP level 3. HP: 26/26 MP: 6/8
   340 | D:2      | Mangled by a gnoll

Illustrated notes

Levels and vault maps discovered:
D:1:      spicycebolla_arrival_clurvy, layout_rooms, serial_shops,
          nicolae_shop_crystal, nicolae_shop_temple_entry_statues_fountains,
          nicolae_shop_overgrown_old_shop, nicolae_shop_bloodbath_and_beyond,
          minmay_split_cup_small
D:2:      layout_basic, serial_aquarium, aquarium_bridge_square
          [aquarium_subvault_bridge, aquarium_subvault_bridge,
          aquarium_subvault_window, aquarium_subvault_bridge],
          aquarium_window_1, aquarium_window_fake, aquarium_window_fake,
          aquarium_window_2, aquarium_view_4, aquarium_view_2a,
          aquarium_pool_double, basic_altar

Skill      XL: |  1  2 |
---------------+-------+-----
Spellcasting   | 3 |  3.4
Earth Magic    | 4 |  4.8
Dodging        | |  2.4
Stealth        | |  1.4
Transmutations | |  1.2

Action                   || total
-------------------------++-------
 Cast: Sandblast         ||    30
  Use: Potion            ||     1
Dodge: Dodged            ||     8

Table legend: (Time is in decaauts)
 A = Elapsed time spent in this place.
 B = Non-inter-level travel time spent in this place.
 C = Inter-level travel time spent in this place.
 D = Time resting spent in this place.
 E = Time spent auto-exploring this place.
 F = Levels seen in this place.
 G = Mean time per level.
                   A        B        C        D        E       F      G
               +--------+--------+--------+--------+--------+-----+--------+
         Total |    354 |    304 |     50 |      0 |    190 |   2 |  177.0 |
       Dungeon |    354 |    304 |     50 |      0 |    190 |   2 |  177.0 |
               +--------+--------+--------+--------+--------+-----+--------+

Top non-repeatable levels by time:
     D:1: 232 daAuts
     D:2: 122 daAuts
